 Dungeon Crawl Stone Soup version 0.27-a0-1139-g28e009f8a6 (webtiles) character file.

Game seed: 276071511902323949

41474 robertstho the Thaumaturge (level 14, -6/105 HPs)
             Began as a Djinni Ice Elementalist on May 7, 2021.
             Was an Elder of Ashenzari.
             Mangled by a centaur warrior simulacrum (21 damage)
             ... in a Gauntlet.
             The game lasted 00:44:28 (25400 turns).

robertstho the Thaumaturge (DjIE)                  Turns: 25400, Time: 00:44:29

Health: -6/105     AC:  7    Str:  7    XL:     14   Next: 15%
Gold:   800        EV: 22    Int: 22    God:    Ashenzari [****..] SH:  0 Dex: 14

rFire    + + +     SeeInvis +   M - +2 scimitar (flame)
rCold    . . .     Faith    .   (no shield)
rNeg     . . .     Spirit   .   a - +0 robe of Ashenzari's Vexation {Cun, Self} (curse)
rPois    ∞         Reflect  .   z - +2 helmet of Ashenzari's Jealousy {Range, Self} (curse)
rElec    +         Harm     .   f - +0 cloak of the Unyielding Gaze {Cun, Evo} (curse)
rCorr    +         Rampage  .   r - +0 pair of gloves of the Shackled Anxiety {Evo, Self} (curse)
Will     +....     Clarity  +   (boots unavailable) Stlth +++++.....NoTele +
                                (no amulet)
HPRegen  0.27/turn              i - ring "Restrained Together" {Wiz, Cun, Evo} (curse)
MPRegen  0.00/turn              o - ring of the Ensconced Seer {EV+4, Range, Self} (curse)

@: resistant, flying
A: sickness immunity, fire resistance 2, cold vulnerability 1, float, innate
caster, hp casting, extra vitality 1
a: Renounce Religion, Curse Item, Shatter the Chains


You were in a Gauntlet.
You worshipped Ashenzari.
Ashenzari was greatly pleased with you.
You visited 3 branches of the dungeon, and saw 16 of its levels.
You also visited: Sewer, Bailey and Gauntlet.

You collected 996 gold pieces.
You spent 196 gold pieces at shops.

Inventory:

Hand Weapons
 b - a +0 spear
 c - a +1 dagger of speed
 g - a +0 whip of pain
 s - a +0 long sword
 t - a +3 long sword of holy wrath
 A - a +2 halberd of flaming
 M - a +2 scimitar of flaming (weapon)
Missiles
 q - 8 curare-tipped darts
 B - 8 atropa-tipped darts
Armour
 a - the cursed +0 robe of Ashenzari's Vexation (worn) {Cun, Self}

   It has a curse which improves the following skills: Cunning: Dodging and
   Stealth.
   Introspection: Fighting and Spellcasting.
 f - the cursed +0 cloak of the Unyielding Gaze (worn) {Cun, Evo}
   (You found it on level 6 of the Dungeon)

   It has a curse which improves the following skills: Cunning: Dodging and
   Stealth.
   Evocations: Evocations.
 r - the cursed +0 pair of gloves of the Shackled Anxiety (worn) {Evo, Self}
   (You found it on level 4 of the Dungeon)

   It has a curse which improves the following skills: Evocations: Evocations.
   Introspection: Fighting and Spellcasting.
 z - the cursed +2 helmet of Ashenzari's Jealousy (worn) {Range, Self}
   (You found it on level 6 of the Dungeon)

   It has a curse which improves the following skills: Ranged Combat: Slings,
   Bows, Crossbows and Throwing.
   Introspection: Fighting and Spellcasting.
 C - a scarf of resistance
 L - +0 steam dragon scales
 U - the +1 hat of the Sacrificial Victim {rElec rPois Regen+}
   (You found it on level 13 of the Dungeon)

   It insulates you from electricity.
   It protects you from poison.
   It increases your rate of health regeneration.
Jewellery
 i - the cursed ring "Restrained Together" (left hand) {Wiz, Cun, Evo}
   (You found it on level 2 of the Dungeon)

   [ring of wizardry]

   It improves your spell success rate.
   It has a curse which improves the following skills: Cunning: Dodging and
   Stealth.
   Evocations: Evocations.
 o - the cursed ring of the Ensconced Seer (right hand) {EV+4, Range, Self}
   (You found it on level 4 of the Dungeon)

   [ring of evasion]

   It affects your evasion (+4).
   It has a curse which improves the following skills: Ranged Combat: Slings,
   Bows, Crossbows and Throwing.
   Introspection: Fighting and Spellcasting.
 x - a +6 ring of dexterity
 F - a ring of positive energy
 J - the ring of Memumiru {Wiz Int+4}
   (You found it on level 9 of the Dungeon)

   [ring of wizardry]

   It improves your spell success rate.
   It affects your intelligence (+4).
 R - the ring "Muthraf" {rF+ rN++ rCorr Str-2}
   (You acquired it in a bailey)

   [ring of protection from fire]

   It affects your strength (-2).
   It protects you from fire.
   It greatly protects you from negative energy.
   It protects you from acid and corrosion.
Wands
 u - a wand of acid (7)
 y - a wand of digging (4)
 D - a wand of polymorph (15)
 E - a wand of iceblast (19)
 I - a wand of paralysis (24)
 O - a wand of flame (20)
 T - a wand of charming (6)
Scrolls
 d - a scroll of magic mapping
 e - 6 scrolls of teleportation
 j - 5 scrolls of enchant armour
 l - a scroll of holy word
 n - 3 scrolls of fear
 p - 2 scrolls of fog
 v - 2 scrolls of blinking
 K - a scroll of brand weapon
 Q - a scroll of summoning
Potions
 h - a potion of haste
 k - 3 potions of mutation
 m - 2 potions of brilliance
 w - 3 potions of might
 G - a potion of berserk rage
 H - 2 potions of curing
 N - 2 potions of resistance
 P - a potion of cancellation


   Skills:
 + Level 6.1(11.5) Fighting
 + Level 4.2(6.3) Short Blades
 + Level 7.3(7.9) Long Blades
 + Level 1.0 Maces & Flails
 + Level 0.7 Polearms
 + Level 2.7 Armour
 + Level 7.8(12.2) Dodging
 + Level 6.8(11.3) Stealth
 + Level 14.3(19.3) Spellcasting
 + Level 2.8(6.5) Evocations


You had 16 spell levels left.
You knew the following spells:

 Your Spells              Type           Power      Damage    Failure   Level
a - Freeze                Ice            100%       1d11      0%          1
b - Frozen Ramparts       Ice            100%       1d12      0%          3
c - Ozocubu's Armour      Ice            82%        N/A       0%          3
d - Hailstorm             Conj/Ice       82%        3d17      0%          4
e - Metabolic Englaciati  Hex/Ice        41%        N/A       0%          5
f - Pain                  Necr           100%       1d9       0%          1
g - Ensorcelled Hibernat  Hex/Ice        100%       N/A       0%          2
h - Vampiric Draining     Necr           41%        2d11      0%          3
i - Summon Lightning Spi  Summ/Air       82%        N/A       0%          4
j - Summon Ice Beast      Ice/Summ       82%        N/A       0%          4
k - Manifold Assault      Tloc           82%        N/A       0%          5
Your spell library was empty.

Dungeon Overview and Level Annotations

Branches:
Dungeon (13/15)            Temple (1/1) D:4            Lair (2/6) D:9
    Orc (0/2) D:9           Sewer (visited)          Bailey (visited)
Gauntlet (1/1)
  Swamp: Lair:2-4    Shoals: Lair:2-4     Snake: Lair:2-4    Spider: Lair:2-4
 Vaults: D:13-14

Altars:
Ashenzari
Dithmenos
Elyvilon
Gozag
Kikubaaqudgha
Okawaru
Ru
Trog
Zin
The Shining One
Beogh

Shops:
D:4 :   D:9 !

Annotations:
D:8 2 transporters, noodleboyJ's ghost, novice HOMo
D:10 2 transporters, RemovedPizza's ghost, novice HOFi Gauntlet 13 transporters, 4 runed translucent doors


Innate Abilities, Weirdness & Mutations

You are immune to sickness and miasma.
You are immune to poison.
Your flesh is very heat resistant. (rF++)
You are vulnerable to cold. (rC-)
You float through the air rather than walking.
You learn spells naturally, not from books.
Your magical power is your life essence.
You have superior vitality. (+4 HP)


Message History

You enter the transporter and appear at another place.
You reach down and open the door.
The centaur warrior simulacrum closely misses you.
The centaur warrior simulacrum kicks you but does no damage.
You hit the centaur warrior simulacrum.
You melt the centaur warrior simulacrum.
The centaur warrior simulacrum is lightly damaged.
The centaur warrior simulacrum barely misses you.
The centaur warrior simulacrum misses you.
You hit the centaur warrior simulacrum.
You melt the centaur warrior simulacrum.
The centaur warrior simulacrum is moderately damaged.
The centaur warrior simulacrum hits you but does no damage.
The centaur warrior simulacrum kicks you.
The centaur warrior simulacrum freezes you!!
You feel a terrible chill!
Casting: Summon Ice Beast (safe; 0% risk of failure)
Confirm with . or Enter, or press ? or * to list all spells.
Space momentarily warps into an impossible shape!
You hit the centaur warrior simulacrum.
You melt the centaur warrior simulacrum.
The centaur warrior simulacrum completely misses you.
You riposte.
You hit the centaur warrior simulacrum.
You melt the centaur warrior simulacrum.
The centaur warrior simulacrum is severely damaged.
The centaur warrior simulacrum closely misses you.
The centaur warrior simulacrum hits you.
The centaur warrior simulacrum freezes you!!
You feel a terrible chill!
The centaur warrior simulacrum kicks you.
The centaur warrior simulacrum freezes you!!
You feel a terrible chill!
* * * LOW HITPOINT WARNING * * *
You feel better.
The centaur warrior simulacrum barely misses you. x2
You feel protected.
The centaur warrior simulacrum hits you.
* * * LOW HITPOINT WARNING * * *
The centaur warrior simulacrum freezes you!!
You die...

##########################
.###≈###≈###≈###≈###≈###≈##
..#≈≈≈#≈≈≈#≈≈≈#≈≈≈#≈≈≈#≈≈≈#
........................≈##
#####################...###
#3.8#8..#8©8###...###...≈##
#$..8...#...###...###..∩≈≈#
#..8.8.8#...##.##+..#...≈##
#©8.©.8##©.©#©Z#@#..#©..###
#(.8.8.8######ZZ##Z.#...≈##
#...8..5#...###Z..###..∩≈≈#
#..8#8.3#.8.###...###...≈##
#########...#########...###
........................≈##
≈≈#≈≈≈#≈≈≈#≈≈≈#≈≈≈#≈≈≈#≈≈≈#
≈###≈###≈###≈###≈###≈###≈##
################## ### ###


You could see a wyvern simulacrum, 3 centaur warrior simulacra and a meliai
simulacrum.

Vanquished Creatures
  A fire giant (D:13)
  2 hydras
  4 two-headed ogres
  Erica (D:10)
  2 manticores (D:11)
  An ugly thing (D:12)
  2 unseen horrors
  3 kobold demonologists (D:11)
  A rime drake (Lair:1)
  3 komodo dragons (Lair:1)
  2 tengu conjurers (D:11)
  2 blink frogs (Lair:2)
  A hornet (D:8)
  A vampire (D:11)
  A shadow (D:11)
  A basilisk (D:10)
  17 yaks
  2 vampire mosquitoes (D:11)
  An acid dragon (D:10)
  2 water moccasins
  2 black bears
  4 orc warriors
  3 ogres
  2 necrophages
  5 centaurs
  6 kobold brigands
  3 gnoll sergeants
  4 bullfrogs
  5 scorpions
  2 howler monkeys (D:10)
  4 electric eels (D:10)
  A bullfrog zombie (D:6)
  5 centaur zombies
  5 hounds
  7 orc priests
  3 jellies
  3 centaur skeletons
  2 gnoll shamans (D:7)
  6 iguanas
  Natasha (D:3)
  9 orc wizards
  A hound skeleton (D:4)
  21 gnolls
  12 adders
  A white imp (D:5)
  An adder skeleton (D:4)
  2 worms
  2 dart slugs
  27 orcs
  4 bats
  16 endoplasms
  16 giant cockroaches
  9 goblins
  10 hobgoblins
  9 quokkas
  16 ball pythons
  18 frilled lizards
  26 kobolds
  4 rats
327 creatures vanquished.

Vanquished Creatures (collateral kills)
  Jorgrun (D:13)
  An orc warlord (Bailey)
  2 hydras
  A boulder beetle (D:13)
  6 centaur warriors
  A slime creature (D:12)
  An orc knight (Bailey)
  4 cyclopes
  2 ugly things
  Joseph (Lair:1)
  A black mamba (Lair:2)
  A cane toad (Lair:1)
  4 trolls
  3 blink frogs (Lair:2)
  A wraith (D:12)
  4 yaks
  A steam dragon (D:10)
  An acid dragon (D:13)
  3 water moccasins (Lair:1)
  10 orc warriors (Bailey)
  3 wolves (Lair:2)
  5 centaurs (D:13)
  A bullfrog (Lair:2)
  A howler monkey (D:10)
  6 electric eels
  An orc wizard (D:12)
  5 gnolls (Bailey)
  A white imp (D:7)
  18 orcs (Bailey)
  17 goblins
  13 hobgoblins (Bailey)
  4 kobolds (D:12)
124 creatures vanquished.

Vanquished Creatures (others)
  11 fungi
  19 plants
30 creatures vanquished.

Grand Total: 481 creatures vanquished

Notes
Turn   | Place    | Note
-------+----------+-------------------------------------------
     0 | D:1      | robertstho the Djinni Ice Elementalist began the quest for
                  | the Orb.
     0 | D:1      | Reached XP level 1. HP: 15/15 MP: 0/0
   260 | D:1      | Reached XP level 2. HP: 14/21 MP: 0/0
   635 | D:1      | Reached skill level 4 in Spellcasting
  1385 | D:2      | Reached XP level 3. HP: 20/25 MP: 0/0
  1385 | D:2      | Learned a level 1 spell: Pain
  1824 | D:2      | HP: 1/25 [frozen (6)]
  3419 | D:2      | Reached XP level 4. HP: 26/31 MP: 0/0
  3638 | D:3      | Reached skill level 1 in Fighting
  4093 | D:3      | Found a faded altar of an unknown god.
  4135 | D:3      | Noticed Natasha
  4143 | D:3      | Killed Natasha
  4420 | D:3      | Found a bloodstained altar of Trog.
  4426 | D:3      | Found a broken altar of Ashenzari.
  4593 | D:3      | Became a worshipper of Ashenzari the Shackled
  4653 | D:4      | Reached XP level 5. HP: 23/37 MP: 0/0
  4653 | D:4      | Learned a level 2 spell: Ensorcelled Hibernation
  4972 | D:4      | Noticed an ogre
  4983 | D:4      | Killed an ogre
  4984 | D:4      | Reached skill level 5 in Spellcasting
  5145 | D:4      | Found a staircase to the Ecumenical Temple.
  5181 | D:4      | Found Erphustai's Book Emporium.
  5193 | D:4      | Noticed a black bear
  5201 | D:4      | Killed a black bear
  5202 | D:4      | Reached XP level 6. HP: 29/42 MP: 0/0
  5239 | Temple   | Entered the Ecumenical Temple
  5600 | D:4      | Reached skill level 1 in Maces & Flails
  5806 | D:4      | Reached skill level 1 in Short Blades
  5881 | D:4      | Reached XP level 7. HP: 33/47 MP: 0/0
  5881 | D:4      | Learned a level 3 spell: Vampiric Draining
  6306 | D:5      | Entered Level 5 of the Dungeon
  6595 | D:5      | Reached skill level 6 in Spellcasting
  7101 | D:5      | Reached XP level 8. HP: 42/54 MP: 0/0
  8314 | D:6      | Found a sacrificial altar of Ru.
  8452 | D:6      | Found a glowing drain.
  8465 | Sewer    | Entered a sewer
  9609 | Sewer    | Reached skill level 7 in Spellcasting
 10588 | D:6      | Reached XP level 9. HP: 48/59 MP: 0/0
 10588 | D:6      | Learned a level 4 spell: Summon Lightning Spire
 10724 | D:6      | HP: 1/59 [centaur/arrow (11)]
 10781 | D:6      | Reached * piety under Ashenzari
 11273 | D:6      | Reached skill level 1 in Long Blades
 11273 | D:6      | Reached skill level 8 in Spellcasting
 11816 | D:7      | Noticed a two-headed ogre
 11827 | D:7      | Killed a two-headed ogre
 11867 | D:6      | Reached ** piety under Ashenzari
 12047 | D:7      | Reached skill level 9 in Spellcasting
 12445 | D:7      | Found an iron altar of Okawaru.
 12448 | D:7      | Reached XP level 10. HP: 60/69 MP: 0/0
 12901 | D:8      | Found a transporter.
 12912 | D:8      | Reached *** piety under Ashenzari
 12954 | D:8      | Noticed a two-headed ogre
 12954 | D:8      | Noticed a gargoyle
 12957 | D:8      | Noticed a seven-headed hydra
 12957 | D:8      | Noticed noodleboyJ's ghost (novice HOMo)
 12959 | D:8      | Noticed a cyclops
 12971 | D:8      | Found a transporter.
 13228 | D:8      | Reached skill level 10 in Spellcasting
 13800 | D:9      | Found a staircase to the Orcish Mines.
 14096 | D:9      | Found Zuam's Distillery.
 14099 | D:9      | Bought a potion of curing for 42 gold pieces
 14099 | D:9      | Bought a potion of curing for 42 gold pieces
 14099 | D:9      | Bought a potion of heal wounds for 70 gold pieces
 14099 | D:9      | Bought a potion of curing for 42 gold pieces
 14217 | D:9      | Noticed a two-headed ogre
 14228 | D:9      | Killed a two-headed ogre
 14274 | D:9      | Identified the ring of Memumiru {Wiz Int+4}
 14609 | D:9      | Noticed a two-headed ogre
 14616 | D:9      | Killed a two-headed ogre
 14676 | D:9      | Found a shadowy altar of Dithmenos.
 14676 | D:9      | Found a white marble altar of Elyvilon.
 14721 | D:9      | Reached **** piety under Ashenzari
 15077 | D:9      | Reached skill level 11 in Spellcasting
 15144 | D:9      | Found a staircase to the Lair.
 15567 | D:10     | Entered Level 10 of the Dungeon
 15593 | D:10     | Reached XP level 11. HP: 74/82 MP: 0/0
 15593 | D:10     | Learned a level 4 spell: Summon Ice Beast
 15658 | D:10     | Reached skill level 5 in Stealth
 15665 | D:10     | Reached skill level 5 in Dodging
 15819 | D:10     | Noticed a two-headed ogre
 15824 | D:10     | Killed a two-headed ogre
 15868 | D:10     | Noticed Erica
 15873 | D:10     | Killed Erica
 15952 | D:10     | Found a transporter.
 15955 | D:10     | Noticed RemovedPizza's ghost (novice HOFi)
 16421 | D:10     | Reached skill level 12 in Spellcasting
 16908 | D:10     | Found a transporter.
 17235 | D:11     | Reached skill level 5 in Long Blades
 17377 | D:11     | Noticed a manticore
 17383 | D:11     | Killed a manticore
 17532 | D:11     | Noticed a manticore
 17535 | D:11     | Killed a manticore
 17806 | D:11     | Reached XP level 12. HP: 58/91 MP: 0/0
 18359 | D:12     | Noticed a centaur warrior
 18362 | D:12     | Reached skill level 5 in Fighting
 18365 | D:12     | Killed a centaur warrior
 18445 | D:12     | Found a flagged portal.
 18463 | Bailey   | Entered a bailey
 19254 | Bailey   | Noticed an orc warlord
 19278 | Bailey   | Killed an orc warlord
 19436 | Bailey   | Identified a scroll of acquirement
 19483 | Bailey   | Acquired the ring "Muthraf" {rF+ rN++ rCorr Str-2}
 20090 | D:12     | Noticed a centaur warrior
 20098 | D:12     | Killed a centaur warrior
 20485 | D:13     | Identified the +1 hat of the Sacrificial Victim {rElec
                  | rPois Regen+}
 20516 | D:13     | Reached skill level 13 in Spellcasting
 20635 | D:13     | Noticed a centaur warrior
 20643 | D:13     | Killed a centaur warrior
 21206 | D:13     | Noticed a fire giant
 21221 | D:13     | Killed a fire giant
 21537 | D:13     | Noticed Jorgrun
 21559 | D:13     | Reached XP level 13. HP: 20/99 MP: 0/0
 21559 | D:13     | Learned a level 5 spell: Manifold Assault
 21560 | D:13     | HP: 3/99 [Jorgrun/+0 vorpal quarterstaff (10)]
 21569 | D:13     | Killed Jorgrun
 23214 | Lair:1   | Entered Level 1 of the Lair of Beasts
 23440 | Lair:1   | Reached skill level 14 in Spellcasting
 23440 | Lair:1   | Reached XP level 14. HP: 65/105 MP: 0/0
 23825 | Lair:1   | Noticed Joseph
 23833 | Lair:1   | Killed Joseph
 25005 | Lair:2   | Found a gate leading to a gauntlet.
 25015 | Gauntlet | Entered a Gauntlet
 25015 | Gauntlet | Found a transporter.
 25015 | Gauntlet | Found a runed translucent door.
 25252 | Gauntlet | Found a runed translucent door.
 25254 | Gauntlet | Found a transporter.
 25257 | Gauntlet | Found a transporter.
 25258 | Gauntlet | Found a transporter.
 25266 | Gauntlet | Found a transporter.
 25269 | Gauntlet | Found a transporter.
 25270 | Gauntlet | Found a transporter.
 25276 | Gauntlet | Noticed a balrug
 25278 | Gauntlet | Found a transporter.
 25281 | Gauntlet | Identified the ring of Benevolence {Will+ Int+4 Stlth+}
 25281 | Gauntlet | Found a transporter.
 25282 | Gauntlet | Found a transporter.
 25289 | Gauntlet | Found a runed translucent door.
 25292 | Gauntlet | Found a transporter.
 25293 | Gauntlet | Found a transporter.
 25294 | Gauntlet | Found a transporter.
 25298 | Gauntlet | Found a runed translucent door.
 25298 | Gauntlet | Found a runed translucent door.
 25302 | Gauntlet | Found a transporter.
 25400 | Gauntlet | Mangled by a centaur warrior simulacrum

Illustrated notes

Levels and vault maps discovered:
D:1:      dpeg_arrival_more_subterranean_lakeside_camping, layout_rooms
D:2:      layout_basic
D:3:      layout_loops_cross, amethyst_overflow_temple_binary,
          chequers_ecumenical_altar_simple_redux, uniq_natasha
D:4:      cheibrodos_helix_gallery, layout_cave_pools,
          minmay_temple_entry_statues_pillars, serial_column_ruins,
          column_ruins_hut_pillars, column_ruins_courtyard_long,
          column_ruins_corridor_straight, column_ruins_columns_plus,
          column_ruins_corridor_corner, column_ruins_open_tiny, serial_shops,
          shop
D:5:      layout_basic
D:6:      minmay_chambers_of_fours, layout_cave_pods, lemuel_round_altar,
          cheibrodos_sewer_entry_bend, grunt_ministairs_7
D:7:      layout_rooms, overflow_temple_1_default
D:8:      layout_rooms, nzn_ghost_randoct, roderic_lattice_a
D:9:      layout_basic, gammafunk_temple_overflow_elements,
          grunt_lair_entry_orc_guard_hut, minmay_orc_entry_temple_small,
          serial_shops, nicolae_shop_window_shopping, hangedman_decor_slide_cut,
          hangedman_decor_diamond_cutter, grunt_decor_junction
D:10:     layout_long_grid, gammafunk_ghost_stat_death, kennysheep_boxes,
          uniq_erica
D:11:     layout_roguey, roderic_roman_lattice
D:12:     layout_roguey, enter_bailey_5, minmay_unpleasant_kobolds
D:13:     kennysheep_scales, layout_cross, bh_walls_and_bars, uniq_jorgrun
Temple:   eino_temple_rhombus
Lair:1:   layout_loops_ring, serial_bayou_pond_c, minmay_holes,
          grunt_forest_small_clearing_treed, uniq_joseph
Lair:2:   layout_long_grid, gauntlet_entry_generic, worms_lemuel,
          grunt_megastairs_1
Gauntlet: gammafunk_gauntlet_77_escape_option [minmay_gauntlet_arena_77_cramped,
          minmay_gauntlet_arena_77_terracotta_army,
          minmay_gauntlet_arena_77_mirror, minmay_gauntlet_arena_77_path,
          minmay_gauntlet_arena_77_shame_cube, gauntlet_exit_spiral]

Skill      XL: |  1  2  3  4  5  6  7  8  9 10 11 12 13 |
---------------+----------------------------------------+-----
Spellcasting   | 4 5 6 7 9 11 12 13 14 | 14.3
Fighting       | 1 2 3 4 6 |  6.1
Stealth        | 2 3 4 5 6 |  6.8
Maces & Flails | 1 |  1.0
Short Blades   | 1 3 4 |  4.2
Dodging        | 3 4 6 7 |  7.8
Long Blades    | 2 3 5 7 |  7.3
Armour         | 2 |  2.7
Evocations     | 2 |  2.8
Polearms       | |  0.7

Action                   |  1- 3 |  4- 6 |  7- 9 | 10-12 | 13-15 || total
-------------------------+-------+-------+-------+-------+-------++-------
Melee: Spear             |    47 |       |       |       |       ||    47
       Whip              |    22 |    26 |       |       |       ||    48
       Dagger            |       |    33 |   138 |       |       ||   171
       Long sword        |       |       |    12 |   133 |    17 ||   162
       Scimitar          |       |       |       |       |    19 ||    19
 Cast: Freeze            |    31 |     9 |     9 |     5 |     2 ||    56
       Frozen Ramparts   |     8 |    19 |    44 |    26 |     3 ||   100
       Hailstorm         |       |     6 |    85 |    85 |    11 ||   187
       Ozocubu's Armour  |       |     1 |     2 |     3 |       ||     6
       Metabolic Englaci |       |     1 |       |     8 |    18 ||    27
       Ensorcelled Hiber |       |       |     1 |       |       ||     1
       Vampiric Draining |       |       |     1 |       |       ||     1
       Summon Lightning  |       |       |       |    22 |     8 ||    30
       Summon Ice Beast  |       |       |       |    72 |    44 ||   116
       Manifold Assault  |       |       |       |       |     1 ||     1
Invok: Curse Item        |       |     1 |     2 |     3 |       ||     6
  Use: Scroll            |       |     1 |     3 |     2 |     3 ||     9
       Potion            |       |       |     4 |     4 |     5 ||    13
 Stab: Sleeping          |     5 |     4 |     3 |     2 |     1 ||    15
       Distracted        |       |       |       |     4 |       ||     4
Armor: Robe              |    12 |    17 |    11 |    49 |     5 ||    94
Dodge: Dodged            |    37 |    57 |   113 |   203 |    50 ||   460
       Rpst.: Long sword |       |       |     4 |    52 |     2 ||    58
       Scimitar          |       |       |       |       |     5 ||     5

Table legend: (Time is in decaauts)
 A = Elapsed time spent in this place.
 B = Non-inter-level travel time spent in this place.
 C = Inter-level travel time spent in this place.
 D = Time resting spent in this place.
 E = Time spent auto-exploring this place.
 F = Levels seen in this place.
 G = Mean time per level.
                   A        B        C        D        E       F      G
               +--------+--------+--------+--------+--------+-----+--------+
         Total |  25361 |  24339 |   1022 |   3964 |  17560 |  19 | 1334.8 |
       Dungeon |  20457 |  19478 |    979 |   2585 |  14794 |  13 | 1573.6 |
        Temple |    349 |    349 |      0 |    348 |      0 |   1 |  349.0 |
          Lair |   1800 |   1757 |     43 |    316 |   1215 |   2 |  900.0 |
         Sewer |   1346 |   1346 |      0 |    472 |    686 |   1 | 1346.0 |
        Bailey |   1023 |   1023 |      0 |    243 |    493 |   1 | 1023.0 |
      Gauntlet |    384 |    384 |      0 |      0 |    372 |   1 |  384.0 |
               +--------+--------+--------+--------+--------+-----+--------+

Top non-repeatable levels by time:
     D:6: 2576 daAuts
    D:13: 2548 daAuts
     D:2: 1962 daAuts
     D:9: 1882 daAuts
     D:5: 1780 daAuts
    D:10: 1643 daAuts
     D:1: 1641 daAuts
  Lair:1: 1349 daAuts
   Sewer: 1346 daAuts
     D:4: 1293 daAuts
    D:11: 1228 daAuts
    D:12: 1114 daAuts
     D:3: 1049 daAuts
  Bailey: 1023 daAuts
     D:8: 893 daAuts
